[Event "Titled Tuesday Blitz May 03 Late 2022"]
[White "Kujawski, Adam"]
[Black "Melikhov, Evgeny V."]
[WhiteFideId "1100920"]
[BlackFideId "4122046"]
[WhiteElo "2053"]
[BlackElo "1931"]
[Result "0-1"]
[Round "09"]
[TimeControl "180+1"]
[Date "2022.05.03"]
[WhiteClock "0:00:01"]
[BlackClock "0:00:44"]

1. e4 c5 2. Nf3 d6 3. d4 cxd4 4. Nxd4 Nf6 5. Nc3 a6 6. Bg5 e6 7. f4 Nbd7 8. Qf3 Qc7 9. O-O-O b5 10. e5 Bb7 11. Qh3 dxe5 12. Nxe6 fxe6 13. Qxe6+ Be7 14. Bxb5 axb5 15. Nxb5 Qc6 16. Nd6+ Kd8 17. Bxf6 Bxf6 18. fxe5 Bg5+ 19. Kb1 Kc7 20. Rd3 Ra5 21. Rhd1 Nc5 22. Qf7+ Kb8 23. Nxb7 Nxb7 24. Rb3 Rc8 25. c3 Rb5 26. Rxb5 Qxb5 27. Qxg7 Qe2 28. Qd7 Rd8 0-1


[Site "https://www.chess.com"]

[Event "Titled Tuesday Blitz May 03 Late 2022"]
[White "Licznerski, Lukasz"]
[Black "Gabrielian, Artur"]
[WhiteFideId "1179250"]
[BlackFideId "4131002"]
[WhiteElo "2422"]
[BlackElo "2440"]
[Result "1-0"]
[Round "09"]
[TimeControl "180+1"]
[Date "2022.05.03"]
[WhiteClock "0:01:45"]
[BlackClock "0:01:16"]

1. e4 e5 2. Nf3 Nc6 3. Bb5 a6 4. Bxc6 dxc6 5. O-O Bg4 6. h3 h5 7. d3 Qf6 8. Be3 Ne7 9. Nbd2 Ng6 10. Re1 Bd6 11. hxg4 hxg4 12. Ng5 O-O-O 13. Qxg4+ Kb8 14. Qf5 Rh5 15. Qxf6 Rdh8 16. Kf1 gxf6 17. Nxf7 Nf4 18. Bxf4 exf4 19. Nxh8 1-0


[Site "https://www.chess.com"]

[Event "Titled Tuesday Blitz May 03 Late 2022"]
[White "Matinian, Nikita"]
[Black "Sokolovsky, Yahli"]
[WhiteFideId "24129100"]
[BlackFideId "2820242"]
[WhiteElo "2422"]
[BlackElo "1770"]
[Result "1-0"]
[Round "09"]
[TimeControl "180+1"]
[Date "2022.05.03"]
[WhiteClock "0:00:08"]
[BlackClock "0:00:04"]

1. e4 g6 2. d4 Bg7 3. Nc3 d6 4. Be3 a6 5. g4 h6 6. Bg2 Nf6 7. h3 Nc6 8. Nge2 e5 9. d5 Ne7 10. f4 exf4 11. Nxf4 Nd7 12. Nd3 b5 13. a4 b4 14. Nxb4 Rb8 15. Nc6 Nxc6 16. dxc6 Ne5 17. O-O Rxb2 18. Nd5 Be6 19. Bd4 Rb8 20. c3 O-O 21. Qe2 Nxc6 22. Bxg7 Kxg7 23. Qxa6 Bxd5 24. exd5 Ne5 25. Qe2 Ra8 26. a5 Qb8 27. a6 Qb6+ 28. Kh1 Rfb8 29. Rf4 Qc5 30. Rfa4 Qxc3 31. a7 Rb7 32. R4a3 Qc5 33. Qa2 Qb6 34. Ra6 Qb2 35. Qxb2 Rxb2 36. R1a3 Rb7 37. Bf1 Nd7 38. R6a5 Nc5 39. Bb5 Rb6 40. Bc6 Rxa7 41. Rxa7 Rb1+ 42. Kg2 Rb2+ 43. Kf1 Rb1+ 44. Ke2 Rb2+ 45. Kd1 Rb1+ 46. Kc2 Rh1 47. Rxc7 Rh2+ 48. Kd1 Rh1+ 49. Ke2 Ne4 50. Re7 Rh2+ 51. Kf1 Ng3+ 52. Rxg3 1-0


[Site "https://www.chess.com"]

[Event "Titled Tuesday Blitz May 03 Late 2022"]
[White "Melikyan, Gnel"]
[Black "Maksimovic, Bojan"]
[WhiteFideId "54109990"]
[BlackFideId "14408120"]
[WhiteElo "1772"]
[BlackElo "2448"]
[Result "0-1"]
[Round "09"]
[TimeControl "180+1"]
[Date "2022.05.03"]
[WhiteClock "0:00:10"]
[BlackClock "0:01:01"]

1. Nf3 Nf6 2. g3 g6 3. Bg2 Bg7 4. O-O O-O 5. c4 d5 6. Nc3 d4 7. Nb1 c5 8. d3 Nc6 9. a3 e5 10. Re1 e4 11. Ng5 e3 12. fxe3 dxe3 13. Nc3 Ng4 14. Nge4 Nd4 15. h3 Nf2 16. Nxf2 exf2+ 17. Kxf2 Be5 18. e3 Nf5 19. Ne4 Qc7 20. g4 Nh4 21. Rf1 f5 22. gxf5 Bxf5 23. Kg1 Bh2+ 24. Kh1 Nxg2 25. Ng5 Nh4 26. e4 Qg3 27. Qe2 Bxh3 28. Nxh3 Qxh3 29. Bg5 Be5+ 30. Kg1 Bd4+ 0-1


[Site "https://www.chess.com"]

[Event "Titled Tuesday Blitz May 03 Late 2022"]
[White "Melkumyan, Hrant"]
[Black "Yuan, Qingyu"]
[WhiteFideId "13302485"]
[BlackFideId "8609772"]
[WhiteElo "2604"]
[BlackElo "2359"]
[Result "1-0"]
[Round "09"]
[TimeControl "180+1"]
[Date "2022.05.03"]
[WhiteClock "0:00:23"]
[BlackClock "0:00:01"]

1. d4 d5 2. c4 e6 3. Nc3 Nf6 4. Bg5 dxc4 5. e3 c5 6. Bxc4 cxd4 7. exd4 Nc6 8. Nf3 Be7 9. O-O O-O 10. Re1 a6 11. a3 b5 12. Ba2 Bb7 13. Qd2 Rc8 14. Rad1 b4 15. axb4 Nxb4 16. Bb1 Qb6 17. Ne5 Rfd8 18. Qf4 h6 19. h4 Nbd5 20. Nxd5 Rxd5 21. Rd3 hxg5 22. hxg5 Rxe5 23. Qxe5 Qc6 24. Qh2 Bd6 25. Qh3 Nh5 26. g6 fxg6 27. Rc3 Qe8 28. Rxe6 Qd8 29. Rxd6 Qxd6 30. Rxc8+ Bxc8 31. Qxc8+ Kh7 32. Qg4 Kh6 33. g3 Qf6 34. Bd3 a5 35. Qe4 Qd6 36. Kg2 Qf6 37. Qe3+ Qg5 38. Qe5 Qd2 39. Qe4 Qg5 40. b3 Nf6 41. Qf3 Qd5 42. Bc4 Qf5 43. Qe3+ g5 44. Qe1 Kg6 45. Qe2 Kh6 46. Qe5 Qg4 47. Bd3 Qh5 48. Bf5 Qd1 49. Be6 g4 50. Qf4+ Kh7 51. Bf5+ g6 52. Be6 Kg7 53. Qc7+ Kh6 54. Qe5 Kg7 55. Qe3 Qc2 56. d5 Qd1 57. Qf4 Qd3 58. d6 Qe3 59. fxe3 1-0


[Site "https://www.chess.com"]

[Event "Titled Tuesday Blitz May 03 Late 2022"]
[White "Migot, Tangi"]
[Black "Skliarov, Viktor"]
[WhiteFideId "662445"]
[BlackFideId "14106736"]
[WhiteElo "2519"]
[BlackElo "2229"]
[Result "0-1"]
[Round "09"]
[TimeControl "180+1"]
[Date "2022.05.03"]
[WhiteClock "0:00:12"]
[BlackClock "0:00:06"]

1. Nf3 g6 2. g3 Bg7 3. Bg2 Nf6 4. O-O O-O 5. d4 d5 6. Na3 c6 7. c4 Bf5 8. Qb3 Qb6 9. cxd5 Qxb3 10. axb3 cxd5 11. Nb5 Nc6 12. Bd2 Ne4 13. Be3 a6 14. Nc3 Rad8 15. Rfc1 h6 16. h3 g5 17. g4 Bg6 18. h4 gxh4 19. Nxh4 Nxd4 20. Nxg6 fxg6 21. Bxd4 Bxd4 22. Bxe4 Bxf2+ 23. Kg2 dxe4 24. Nxe4 Bb6 25. Rd1 Rxd1 26. Rxd1 Rf4 27. Nc3 Rxg4+ 28. Kf3 Rb4 29. Rd7 Bc5 30. Ne4 Rxb3+ 31. Kf4 Bd6+ 32. Nxd6 exd6 33. Rxd6 Kf7 34. Rd2 Ke6 35. Rc2 Rb4+ 36. e4 g5+ 37. Ke3 Rb3+ 38. Kd4 Rb4+ 39. Ke3 h5 40. Rc5 Kf6 41. Rf5+ Kg6 42. Rf2 h4 43. e5 h3 44. e6 Rb6 45. e7 Re6+ 46. Kf3 Rxe7 47. Kg3 Re3+ 48. Kh2 Kh5 49. b4 Rb3 50. b5 axb5 51. Re2 g4 52. Rd2 Kh4 53. Rd8 g3+ 54. Kg1 Rb1+ 0-1


[Site "https://www.chess.com"]

[Event "Titled Tuesday Blitz May 03 Late 2022"]
[White "Mikhailov, Viacheslav"]
[Black "Guz, Ari"]
[WhiteFideId "4187369"]
[BlackFideId "2825759"]
[WhiteElo "2381"]
[BlackElo "1913"]
[Result "1-0"]
[Round "09"]
[TimeControl "180+1"]
[Date "2022.05.03"]
[WhiteClock "0:00:10"]
[BlackClock "0:00:10"]

1. Nf3 Nf6 2. g3 b6 3. Bg2 Bb7 4. O-O e6 5. c4 Be7 6. Nc3 O-O 7. d3 c5 8. b3 d5 9. Bb2 d4 10. Nb1 Nbd7 11. Nbd2 e5 12. Qc2 Re8 13. Rad1 Bf8 14. Rfe1 Qc7 15. Nh4 Bxg2 16. Nxg2 g6 17. e4 Bg7 18. Nf1 a5 19. a4 Nb8 20. Bc1 Nc6 21. h3 Nb4 22. Qe2 Nd7 23. f4 f6 24. f5 g5 25. h4 h6 26. Nh2 Nf8 27. hxg5 hxg5 28. Ng4 Kf7 29. Kf2 Nd7 30. Rh1 Rh8 31. Rh2 Rxh2 32. Nxh2 Rh8 33. Rh1 Ke7 34. Kg1 Kd6 35. Nf1 Rxh1+ 36. Kxh1 Qd8 37. Qh5 Qh8 38. Qxh8 Bxh8 39. Ne1 Bg7 40. Kg2 Ke7 41. Kf3 Kf7 42. Kg4 Kg8 43. Kh5 Kh7 44. Bd2 Bf8 45. Nh2 Be7 46. Nhf3 Kg7 47. Nh2 Kh7 48. Ng4 Kg7 49. Nf2 Kh7 50. Nh3 Kg7 51. Ng1 Kh7 52. Ne2 Kg7 53. Bxb4 cxb4 54. Nc1 Nc5 55. Nf3 Bd8 56. Kg4 Kh6 57. Nh2 Be7 58. Kf3 Kg7 59. Nf1 Kh6 60. g4 Kg7 61. Ng3 Kf7 62. Nh5 Bf8 63. Ke2 Be7 64. Kd2 Bf8 65. Kc2 Be7 66. Ne2 Bd6 67. Ng1 Be7 68. Nf3 Bd6 69. Ng3 Bc7 70. Nf1 Bd6 71. Ng3 Bc7 72. Ne2 Bd6 73. Neg1 Bc7 74. Nh3 Bd8 75. Nhxg5+ fxg5 76. Nxe5+ Kf6 77. Nf3 Bc7 78. Nxd4 Ke5 79. Ne2 Nxe4 80. dxe4 Kxe4 81. f6 Kf3 82. Nd4+ Kxg4 83. f7 Bd6 84. Kd3 Kh3 85. Nf5 Bf8 86. Ke4 g4 87. Kf4 Bc5 88. Ke4 Bf8 89. Kd5 g3 90. Nxg3 Kxg3 91. Kc6 Bc5 92. Kd7 Kf4 93. Kc6 Ke3 94. f8=Q Bxf8 95. Kxb6 Kd4 96. Kxa5 Kc5 97. Ka6 Bd6 98. Kb7 Bf4 99. a5 Be3 100. a6 Kd6 101. a7 Bxa7 102. Kxa7 Kc7 103. Ka6 Kc6 104. Ka5 Kc5 105. Ka4 1-0


[Site "https://www.chess.com"]

[Event "Titled Tuesday Blitz May 03 Late 2022"]
[White "Mikhalsky, Vladimir"]
[Black "Stojanovski, Sandi"]
[WhiteFideId "14144352"]
[BlackFideId "1403249"]
[WhiteElo "2301"]
[BlackElo "2289"]
[Result "0-1"]
[Round "09"]
[TimeControl "180+1"]
[Date "2022.05.03"]
[WhiteClock "0:00:01"]
[BlackClock "0:00:02"]

1. e4 c5 2. Nf3 Nc6 3. d4 cxd4 4. Nxd4 Nf6 5. Nc3 e5 6. Ndb5 d6 7. Bg5 a6 8. Na3 b5 9. Nd5 Be7 10. Bxf6 Bxf6 11. c3 Bg5 12. Nc2 O-O 13. h4 Bh6 14. g3 Be6 15. Bh3 Ne7 16. Ncb4 a5 17. Nxe7+ Qxe7 18. Nd5 Qb7 19. Qd3 Bxd5 20. exd5 e4 21. Qd4 Rae8 22. O-O Re5 23. Rad1 f5 24. Bg2 Qe7 25. Rfe1 g5 26. hxg5 Qxg5 27. c4 f4 28. Rxe4 Rxe4 29. Qxe4 fxg3 30. fxg3 Qxg3 31. Qe6+ Kh8 32. Qxh6 Rf2 33. Qh3 Qf4 34. Rf1 Rxf1+ 35. Bxf1 Qd4+ 36. Kh1 bxc4 37. Qg2 a4 38. a3 c3 39. bxc3 Qxc3 40. Qf2 Kg7 41. Qg2+ Kh8 42. Qf2 Kg7 43. Qf5 Qxa3 44. Qg5+ Kf7 45. Qf5+ Kg7 46. Qd7+ Kg8 47. Qe8+ Kg7 48. Qe7+ Kg8 49. Qf6 Qc5 50. Bg2 Qc1+ 51. Kh2 Qc5 52. Qg5+ Kf8 53. Bh3 Qc2+ 54. Kg3 Qd3+ 55. Kh4 Qd4+ 56. Kh5 Qe5 57. Qxe5 dxe5 58. Kg5 a3 59. d6 a2 60. Kf6 a1=Q 61. d7 Qa6+ 62. Be6 Qd6 63. Kf5 e4 0-1


[Site "https://www.chess.com"]

[Event "Titled Tuesday Blitz May 03 Late 2022"]
[White "Mirzoev, Azer"]
[Black "Jacobson, Aaron"]
[WhiteFideId "13400304"]
[BlackFideId "2089912"]
[WhiteElo "2525"]
[BlackElo "2265"]
[Result "0-1"]
[Round "09"]
[TimeControl "180+1"]
[Date "2022.05.03"]
[WhiteClock "0:00:02"]
[BlackClock "0:00:13"]

1. c4 e5 2. Nc3 Nf6 3. Nf3 Nc6 4. d3 Bb4 5. Bd2 O-O 6. e3 Re8 7. Be2 Bxc3 8. Bxc3 e4 9. dxe4 Nxe4 10. Rc1 d6 11. O-O Bf5 12. Qb3 Nxc3 13. Rxc3 b6 14. Rd1 Qe7 15. Qb5 Ne5 16. Nd4 Bd7 17. Qa6 Bc8 18. Qa4 Bd7 19. Qc2 Qh4 20. Nf5 Qf6 21. Ng3 g6 22. Qd2 h5 23. h3 Bc6 24. Qd4 a5 25. Bf1 Qe7 26. Qf4 Rad8 27. Ne2 Bb7 28. Nd4 Kg7 29. Qg3 Qf6 30. Nb5 Re7 31. Rcc1 Kh7 32. Nc3 Rde8 33. Nd5 Bxd5 34. cxd5 Rc8 35. Rd4 Nd7 36. Qf4 Qxf4 37. Rxf4 Nc5 38. Rd4 Kg7 39. b3 Kg8 40. Rc3 Kf8 41. a3 Ke8 42. b4 axb4 43. axb4 Nd7 44. Bb5 Kd8 45. Ra3 Nb8 46. Rd1 f5 47. Rda1 Re5 48. Rd3 Ke7 49. Bc4 Re4 50. Rc1 b5 51. Bxb5 Rxb4 52. Bc4 Nd7 53. Rdc3 Nc5 54. Be2 Ra8 55. Bf3 Ra2 56. R3c2 Rbb2 57. Rxb2 Rxb2 58. g3 Rd2 59. Rc3 Nd3 60. Rxc7+ Kf6 61. Rc6 Rxf2 62. Rxd6+ Ke7 63. Re6+ Kf7 64. Bg2 Re2 65. e4 f4 66. gxf4 Nxf4 67. Bf3 Nxh3+ 68. Kf1 Rf2+ 69. Ke1 Rxf3 70. Ke2 Nf4+ 71. Kxf3 Nxe6 72. dxe6+ Kxe6 73. Kf4 Kf6 74. e5+ Ke6 75. Ke4 g5 0-1


[Site "https://www.chess.com"]

[Event "Titled Tuesday Blitz May 03 Late 2022"]
[White "Mogranzini, Roberto"]
[Black "Rosen, Eric"]
[WhiteFideId "810894"]
[BlackFideId "2032562"]
[WhiteElo "2469"]
[BlackElo "2362"]
[Result "1/2-1/2"]
[Round "09"]
[TimeControl "180+1"]
[Date "2022.05.03"]
[WhiteClock "0:02:17"]
[BlackClock "0:01:56"]

1. e4 c5 2. Nf3 Nc6 3. Nc3 g6 4. d4 cxd4 5. Nxd4 Bg7 6. Nb3 Nf6 7. Be2 O-O 8. O-O d5 9. exd5 Nb4 10. Bf3 Bf5 11. Nd4 Bc8 12. Nde2 Bf5 13. Nd4 Bc8 14. Nde2 Bf5 15. Nd4 1/2-1/2


[Site "https://www.chess.com"]

[Event "Titled Tuesday Blitz May 03 Late 2022"]
[White "Nagy, Gabor"]
[Black "Ambartsumova, Karina"]
[WhiteFideId "737119"]
[BlackFideId "4166299"]
[WhiteElo "2534"]
[BlackElo "2262"]
[Result "1-0"]
[Round "09"]
[TimeControl "180+1"]
[Date "2022.05.03"]
[WhiteClock "0:01:11"]
[BlackClock "0:00:01"]

1. Nf3 Nf6 2. g3 g6 3. Bg2 Bg7 4. O-O O-O 5. c4 d6 6. Nc3 e5 7. d3 Nc6 8. Rb1 a5 9. a3 h6 10. b4 axb4 11. axb4 Bg4 12. b5 Nd4 13. Nd2 c6 14. bxc6 bxc6 15. h3 Bd7 16. e3 Ne6 17. Nde4 Qc7 18. Nxf6+ Bxf6 19. Bd2 Nc5 20. Qe2 Bf5 21. e4 Bd7 22. Bxh6 Rfb8 23. Be3 Ra3 24. Qd2 Rxb1 25. Rxb1 Qa5 26. Rb8+ Kh7 27. Qe2 Qxc3 28. Qf3 Ra1+ 29. Kh2 Qe1 30. g4 Bg7 31. Qxf7 Be6 32. Qe7 Qa5 33. Qh4+ Bh6 34. Qxh6# 1-0


[Site "https://www.chess.com"]

[Event "Titled Tuesday Blitz May 03 Late 2022"]
[White "Narayanan.S.L"]
[Black "Xiong, Jeffery"]
[WhiteFideId "5058422"]
[BlackFideId "2047640"]
[WhiteElo "2494"]
[BlackElo "2727"]
[Result "0-1"]
[Round "09"]
[TimeControl "180+1"]
[Date "2022.05.03"]
[WhiteClock "0:00:10"]
[BlackClock "0:00:09"]

1. e4 e5 2. Nf3 Nc6 3. Nc3 g6 4. Bc4 Bg7 5. d3 d6 6. Ng5 Nh6 7. h4 Bg4 8. f3 Bd7 9. Be3 Na5 10. Qd2 Nxc4 11. dxc4 f6 12. Nh3 Nf7 13. O-O-O Be6 14. Qe2 c6 15. c5 Qc7 16. cxd6 Nxd6 17. Nf2 O-O-O 18. Bxa7 Nc4 19. Be3 Qa5 20. Rxd8+ Rxd8 21. Rd1 Bf8 22. Rxd8+ Kxd8 23. Bd2 b5 24. b3 Qa3+ 25. Kd1 b4 26. Na4 Qxa2 27. Bc1 Na3 28. Qd3+ Ke8 29. Ng4 Be7 30. Be3 Nxc2 31. Nc5 Nxe3+ 32. Qxe3 Qb1+ 33. Kd2 Qb2+ 34. Kd1 Qa1+ 35. Kd2 Bxg4 36. Na4 Be6 37. Qb6 Qd4+ 0-1


[Site "https://www.chess.com"]

[Event "Titled Tuesday Blitz May 03 Late 2022"]
[White "Nozdrachev, Leonid"]
[Black "Gascon Del Nogal, Jose Rafael"]
[WhiteFideId "24113433"]
[BlackFideId "3902463"]
[WhiteElo "2242"]
[BlackElo "2473"]
[Result "0-1"]
[Round "09"]
[TimeControl "180+1"]
[Date "2022.05.03"]
[WhiteClock "0:00:02"]
[BlackClock "0:00:04"]

1. e4 c5 2. c3 Nf6 3. e5 Nd5 4. d4 cxd4 5. Nf3 Nc6 6. Bc4 Nb6 7. Bb3 d5 8. exd6 Qxd6 9. O-O Be6 10. Na3 Bxb3 11. Qxb3 e6 12. Nb5 Qd7 13. Rd1 Be7 14. Nbxd4 Nxd4 15. Rxd4 Qc8 16. Bg5 f6 17. Be3 e5 18. Re4 Qc6 19. Rg4 g5 20. Re1 h5 21. Rxg5 fxg5 22. Bxb6 Qxb6 23. Qd5 Qd6 24. Qxb7 O-O 25. Nxe5 Rae8 26. Nd7 Bd8 27. Rxe8 Qd1+ 0-1


[Site "https://www.chess.com"]

[Event "Titled Tuesday Blitz May 03 Late 2022"]
[White "Omariev, Maksim"]
[Black "Przybylski, Wojciech"]
[WhiteFideId "4193423"]
[BlackFideId "1117599"]
[WhiteElo "2517"]
[BlackElo "2133"]
[Result "1/2-1/2"]
[Round "09"]
[TimeControl "180+1"]
[Date "2022.05.03"]
[WhiteClock "0:00:02"]
[BlackClock "0:00:03"]

1. g4 d5 2. Bg2 e5 3. d4 e4 4. h3 h5 5. g5 h4 6. c4 c6 7. Nc3 Be7 8. f4 Be6 9. e3 Nd7 10. cxd5 cxd5 11. Qb3 Nb6 12. a4 Qd7 13. Bd2 Nc4 14. Nge2 f5 15. Bf1 Rc8 16. Rh2 a5 17. Nb5 Nxd2 18. Kxd2 Bb4+ 19. Nec3 Ne7 20. Kd1 O-O 21. Rc2 Rc6 22. Rac1 Rfc8 23. Na7 Bf7 24. Nxc8 Qxc8 25. Bb5 Bh5+ 26. Ke1 Rd6 27. Kf2 Qe6 28. Na2 Ng6 29. Nxb4 axb4 30. Rc8+ Kh7 31. Re8 Ne7 32. Rf8 Ng6 33. Re8 Ne7 34. Rb8 Ng6 35. Rcc8 Ne7 36. Rf8 Bf7 37. Qxb4 Nc6 38. Rh8+ Kg6 39. Bxc6 Rxc6 40. Rxb7 Rc2+ 41. Ke1 Qc6 42. Rb6 Rc1+ 43. Ke2 Rc2+ 44. Ke1 Rc1+ 45. Ke2 Rc2+ 46. Kf1 Rc1+ 47. Kg2 Rc2+ 48. Kg1 Rc1+ 49. Kf2 Rc2+ 50. Kf1 Rc1+ 51. Kg2 Rc2+ 52. Kh1 Rc1+ 53. Kh2 Rc2+ 54. Kg1 Rc1+ 55. Kf2 Rc2+ 56. Ke1 1/2-1/2


[Site "https://www.chess.com"]

[Event "Titled Tuesday Blitz May 03 Late 2022"]
[White "Ovezdurdyyeva, Jemal"]
[Black "Turutin, Alexander"]
[WhiteFideId "14001888"]
[BlackFideId "4180623"]
[WhiteElo "1946"]
[BlackElo "2402"]
[Result "0-1"]
[Round "09"]
[TimeControl "180+1"]
[Date "2022.05.03"]
[WhiteClock "0:00:01"]
[BlackClock "0:00:08"]

1. e4 c6 2. d4 d5 3. Nd2 dxe4 4. Nxe4 Bf5 5. Ng3 Bg6 6. Nf3 Nd7 7. h4 h6 8. Bd3 Bxd3 9. Qxd3 Ngf6 10. O-O e6 11. Bf4 Be7 12. c4 O-O 13. Rfe1 b5 14. b3 bxc4 15. bxc4 Qa5 16. Rab1 Rfd8 17. Rb7 Nc5 18. Qb1 Nxb7 19. Qxb7 Qb4 20. Qxb4 Bxb4 21. Rb1 a5 22. Be5 Nd7 23. Bc7 Rdc8 24. Bf4 Nb6 25. Ne5 f6 26. Ng6 Kf7 27. a3 Kxg6 28. axb4 Nxc4 29. bxa5 Nxa5 30. Ne4 Ra7 31. g4 Rb7 32. Re1 Nc4 33. h5+ Kh7 34. Nc5 Re7 35. Rc1 Nb6 36. Ne4 Nd5 37. Nd6 Ra8 38. Bg3 Ra6 39. Ne4 Ra4 40. Bd6 Re8 41. Bc5 Nf4 42. Nd6 Ne2+ 43. Kg2 Nxc1 44. Nxe8 Nb3 45. Bb6 Nxd4 46. Nc7 e5 47. Ne8 Rb4 48. Bc5 Rb5 49. Bd6 c5 50. Nc7 Ra5 51. Nd5 c4 52. Ne3 c3 53. Bb4 Ra4 54. Bxc3 Ne2 55. Bd2 Nf4+ 56. Kf3 Ra2 57. Bb4 Nd3 58. Be7 Rxf2+ 59. Kg3 Ra2 60. Nf5 Nf4 61. Nd6 Ra3+ 62. Kf2 Rb3 63. Ne4 Nh3+ 64. Kg2 Ng5 65. Nc5 Rb2+ 66. Kg3 Kg8 67. Bd6 Kf7 0-1


[Site "https://www.chess.com"]

[Event "Titled Tuesday Blitz May 03 Late 2022"]
[White "Pakleza, Zbigniew"]
[Black "Korchmar, Vasiliy"]
[WhiteFideId "1119290"]
[BlackFideId "24131750"]
[WhiteElo "2467"]
[BlackElo "2370"]
[Result "0-1"]
[Round "09"]
[TimeControl "180+1"]
[Date "2022.05.03"]
[WhiteClock "0:00:08"]
[BlackClock "0:00:16"]

1. d4 d5 2. Bf4 Nf6 3. e3 c5 4. c3 Nc6 5. Nd2 Bf5 6. Ngf3 Qb6 7. Nh4 Bg4 8. Qb3 c4 9. Qc2 h6 10. Bg3 g5 11. Nhf3 Bg7 12. e4 Nxe4 13. Nxe4 dxe4 14. Nd2 Qd8 15. Bxc4 O-O 16. Qxe4 Qd7 17. O-O Na5 18. f3 Nxc4 19. Nxc4 Bf5 20. Qe5 Bxe5 21. Nxe5 Qd5 22. f4 g4 23. Rfd1 f6 24. Nd3 Bxd3 25. Rxd3 b5 26. a3 a5 27. Re1 b4 28. f5 bxa3 29. bxa3 Qxf5 30. Rde3 Ra7 31. c4 Qc2 32. c5 a4 33. Bf4 h5 34. h3 Kf7 35. hxg4 hxg4 36. R3e2 Qd3 37. Be3 Qxa3 38. d5 Ra5 39. Rc2 Qd3 40. Rd2 Qc3 41. d6 Rxc5 42. dxe7 Re8 43. Red1 Qxe3+ 0-1


[Site "https://www.chess.com"]

[Event "Titled Tuesday Blitz May 03 Late 2022"]
[White "Paravyan, David"]
[Black "Dubov, Daniil"]
[WhiteFideId "4194985"]
[BlackFideId "24126055"]
[WhiteElo "2569"]
[BlackElo "2791"]
[Result "0-1"]
[Round "09"]
[TimeControl "180+1"]
[Date "2022.05.03"]
[WhiteClock "0:00:04"]
[BlackClock "0:00:13"]

1. e4 c5 2. Nf3 Nc6 3. d4 cxd4 4. Nxd4 Nf6 5. Nc3 e5 6. Ndb5 d6 7. Bg5 a6 8. Na3 b5 9. Nd5 Be7 10. Bxf6 Bxf6 11. c3 Rb8 12. Nc2 Bg5 13. a4 bxa4 14. Ncb4 Nxb4 15. Nxb4 O-O 16. Nc6 Qb6 17. Nxb8 Qxb2 18. Be2 Qxc3+ 19. Kf1 Be6 20. h4 Bd2 21. Nc6 Bb3 22. Ne7+ Kh8 23. Qb1 Qd4 24. Nf5 Qc5 25. Rh3 Bc3 26. Kg1 Bxa1 27. Qxa1 Rc8 28. Ne7 Qc1+ 29. Qxc1 Rxc1+ 30. Kh2 h5 31. Bxa6 Rb1 32. Nc6 a3 33. Nb4 a2 34. Nxa2 Bxa2 35. Ra3 Be6 36. Be2 g6 37. g3 Rb2 38. Re3 Bg4 39. Bxg4 hxg4 40. Kg2 Rd2 41. Rc3 Kg7 42. Rc7 Rd4 43. Rd7 Kf6 44. f3 Ke6 45. Rd8 Rd2+ 46. Kf1 gxf3 47. Re8+ Kd7 48. Ra8 Re2 49. Ra3 Rxe4 50. Rxf3 f5 51. h5 gxh5 52. Rxf5 h4 53. gxh4 Rxh4 54. Ke2 Rd4 55. Ke3 Ke6 56. Rf1 Ra4 57. Ra1 Rxa1 0-1


[Site "https://www.chess.com"]

[Event "Titled Tuesday Blitz May 03 Late 2022"]
[White "Petrovic, Aleksa"]
[Black "Sargsyan, Anna M."]
[WhiteFideId "967629"]
[BlackFideId "13308130"]
[WhiteElo "2198"]
[BlackElo "2271"]
[Result "0-1"]
[Round "09"]
[TimeControl "180+1"]
[Date "2022.05.03"]
[WhiteClock "0:00:01"]
[BlackClock "0:00:05"]

1. d4 d5 2. c4 c6 3. Nc3 Nf6 4. e3 e6 5. Nf3 Nbd7 6. Qc2 Bd6 7. Bd3 O-O 8. O-O Qe7 9. c5 Bc7 10. e4 dxe4 11. Nxe4 h6 12. Rd1 Nd5 13. Bd2 e5 14. Nd6 Bxd6 15. cxd6 Qxd6 16. dxe5 Nxe5 17. Bh7+ Kh8 18. Be4 Nxf3+ 19. Bxf3 Be6 20. a3 Rfe8 21. g3 Rad8 22. Bc3 Kg8 23. b3 Qc5 24. Bxd5 Bxd5 25. Qb2 f6 26. Re1 Qb5 27. Rxe8+ Rxe8 28. Qc2 Re2 29. Qf5 Qxb3 30. Bxf6 Qf3 31. Qxf3 Bxf3 32. Bd4 b6 33. a4 c5 34. Be3 c4 35. h3 c3 36. g4 c2 37. Rc1 Kf7 38. Kh2 Ke6 39. Kg3 Bc6 40. a5 bxa5 41. Bxa7 a4 42. Bc5 Kd5 43. Bb4 Kc4 44. Bf8 Kb3 45. Bxg7 a3 46. Bxh6 Kb2 47. h4 a2 48. h5 Re6 49. Bf4 a1=Q 50. Rxa1 Kxa1 51. g5 Be4 52. Kg4 Kb2 53. g6 Bxg6 54. hxg6 Rxg6+ 55. Kf5 Rg2 56. Ke4 Rxf2 57. Be5+ Kb1 58. Bf4 Rxf4+ 0-1


[Site "https://www.chess.com"]

[Event "Titled Tuesday Blitz May 03 Late 2022"]
[White "Piesik, Piotr"]
[Black "Tristan, Leonardo"]
[WhiteFideId "1136194"]
[BlackFideId "113816"]
[WhiteElo "2190"]
[BlackElo "2404"]
[Result "1/2-1/2"]
[Round "09"]
[TimeControl "180+1"]
[Date "2022.05.03"]
[WhiteClock "0:00:09"]
[BlackClock "0:00:05"]

1. Nf3 d5 2. g3 Nf6 3. Bg2 Bf5 4. O-O e6 5. d3 Be7 6. Nbd2 O-O 7. Qe1 h6 8. e4 Bh7 9. Qe2 c5 10. Ne5 Nbd7 11. Nxd7 Qxd7 12. e5 Ne8 13. f4 Qa4 14. Nf3 Nc7 15. b3 Qa6 16. c4 Rfd8 17. Be3 dxc4 18. dxc4 Bd3 19. Qf2 Bxf1 20. Rxf1 Rd3 21. Bxc5 Bxc5 22. Qxc5 Qb6 23. Qxb6 axb6 24. Rf2 Rd1+ 25. Bf1 Ra1 26. a4 Rb1 27. Nd2 Rb2 28. Bg2 Rd8 29. Ne4 Rd1+ 30. Bf1 Rxb3 31. Nd6 Na6 32. Nxb7 Nc5 33. Nd6 Nxa4 34. Kg2 Rb2 35. Rxb2 Nxb2 36. Nc8 Rd2+ 37. Kf3 Na4 38. h4 h5 39. Be2 Kf8 40. Ke3 Rb2 41. Bxh5 Rb3+ 42. Kf2 Rc3 43. Nd6 g6 44. Be2 Nc5 45. h5 Kg7 46. h6+ Kxh6 47. Nxf7+ Kg7 48. Nd6 Nd3+ 49. Bxd3 Rxd3 50. g4 Rb3 51. Ke2 Kf8 52. f5 exf5 53. gxf5 gxf5 54. Nxf5 Kf7 55. Kd2 Rh3 56. Nd4 Rh5 57. e6+ Ke7 58. Kc3 Kd6 59. Kb4 Rc5 60. Kc3 Rc8 61. Kb4 Ke5 62. Nb3 Kxe6 63. Kb5 Rb8 64. Kc6 Rc8+ 65. Kb5 Kd6 66. Nd4 Rc5+ 67. Kb4 Rh5 68. Nb5+ Kc6 69. Nd4+ Kb7 70. Nb5 Rh4 71. Nd6+ Kc6 72. Nb5 Rg4 73. Na7+ Kd6 74. Nb5+ Kd7 75. Nc3 Rg1 76. Kb5 Kc7 77. Nd5+ Kb7 78. Nb4 Rb1 79. Ka4 Kc7 80. Kb5 Rb2 81. c5 bxc5 82. Kxc5 Rh2 83. Nd5+ Kb7 84. Kd6 Rd2 85. Kc5 Ka6 86. Nb4+ Kb7 87. Nd5 Rd1 88. Nb4 Kc7 89. Nd5+ Kd7 90. Nb6+ Ke6 91. Nc4 Rc1 92. Kd4 Kf5 93. Ne3+ Ke6 94. Nc4 Rd1+ 95. Ke4 Rd8 96. Ne3 Ra8 97. Kd4 Ra4+ 98. Nc4 Ra8 99. Ne3 Rh8 100. Nc4 Rh4+ 101. Kc5 Rh5+ 102. Kd4 Rd5+ 103. Ke4 Rd8 104. Ne3 Kd6 105. Nc4+ Kc5 106. Ne3 Re8+ 107. Kd3 Re7 108. Nc2 Rd7+ 109. Ke4 Rd8 110. Ne3 Re8+ 111. Kd3 Re7 112. Nc2 Rh7 113. Ne3 Rh4 114. Nc2 Rh3+ 115. Ne3 Rg3 116. Ke4 Rg7 117. Nf5 Rd7 118. Ne3 Re7+ 119. Kd3 Ra7 120. Nc2 Rd7+ 121. Ke4 Rh7 122. Ne3 Rh4+ 123. Kd3 Ra4 124. Nc2 Rc4 125. Ne3 Rc2 126. Nxc2 1/2-1/2


[Site "https://www.chess.com"]

[Event "Titled Tuesday Blitz May 03 Late 2022"]
[White "Piliczewski, Bogusz"]
[Black "Wartiovaara, Oliver"]
[WhiteFideId "1104144"]
[BlackFideId "513024"]
[WhiteElo "1896"]
[BlackElo "1971"]
[Result "1-0"]
[Round "09"]
[TimeControl "180+1"]
[Date "2022.05.03"]
[WhiteClock "0:01:13"]
[BlackClock "0:00:06"]

1. d4 Nf6 2. Nf3 g6 3. Bf4 Bg7 4. e3 d6 5. h3 c5 6. c3 Qb6 7. Qb3 Be6 8. Qxb6 axb6 9. a3 Nc6 10. Bd3 O-O 11. Nbd2 Rfd8 12. O-O Nd5 13. Bh2 Nc7 14. Rfd1 h6 15. Rac1 f5 16. Bc4 b5 17. Bxe6+ Nxe6 18. d5 b4 19. axb4 cxb4 20. dxe6 bxc3 21. bxc3 Ra3 22. Nd4 Rc8 23. Nc4 Ra4 24. Nb6 Nxd4 25. Nxa4 Ne2+ 26. Kf1 Nxc1 27. Rxc1 b5 28. Nb6 Rxc3 29. Rxc3 Bxc3 30. Nd5 Bf6 31. Bg1 1-0


[Site "https://www.chess.com"]

[Event "Titled Tuesday Blitz May 03 Late 2022"]
[White "Reprintsev, Alexander"]
[Black "Tanenbaum, Zachary"]
[WhiteFideId "14100541"]
[BlackFideId "2060850"]
[WhiteElo "2108"]
[BlackElo "2168"]
[Result "0-1"]
[Round "09"]
[TimeControl "180+1"]
[Date "2022.05.03"]
[WhiteClock "0:00:30"]
[BlackClock "0:00:24"]

1. e4 e5 2. f4 exf4 3. Bc4 d5 4. Bxd5 Qh4+ 5. Kf1 Nf6 6. Nf3 Qh6 7. Nc3 c6 8. Bc4 Bg4 9. d4 Nbd7 10. Qd3 O-O-O 11. Bxf7 Nc5 12. Qc4 Ncxe4 13. Nxe4 Nxe4 14. d5 Nd6 15. Qa4 Nxf7 16. Bxf4 Qf6 17. dxc6 Qxc6 18. Qxa7 Qc4+ 19. Kf2 Bc5+ 0-1


[Site "https://www.chess.com"]